 Dungeon Crawl Stone Soup version 0.29-a0-909-g30c7767f5c (webtiles) character file.

Game seed: 15245639916883007489

261 Malachi the Ruffian (level 5, -9/45 HPs)
             Began as a Troll Earth Elementalist on July 25, 2022.
             Was an Initiate of Ashenzari.
             Mangled by a mummy (14 damage)
             ... in an ossuary.
             The game lasted 00:03:45 (2702 turns).

Malachi the Ruffian (Troll Earth Elementalist)      Turns: 2702, Time: 00:03:46

Health: -9/45      AC:  4    Str: 15 (16) XL:     5   Next: 96%
Magic:  5/5        EV:  9    Int: 10 (13) God:    Ashenzari [......]
Gold:   63         SH:  0    Dex:  9 (10) Spells: 5/6 levels left

rFire   . . .      SeeInvis .     - Unarmed
rCold   . . .      Faith    .   (no shield)
rNeg    . . .      Spirit   .   a - +0 robe
rPois   .          Reflect  .   (helmet restricted)
rElec   .          Harm     .   (no cloak)
rCorr   .          Rampage  .   (gloves unavailable)
Will    .....                   (boots unavailable)
Stlth   +.........              (no amulet)
HPRegen 0.95/turn               (no ring)
MPRegen 0.09/turn               (no ring)

@: about to teleport, hasted, very quick
A: large, unfitting armour, claws 3, regeneration 1, shaggy fur 1, tough skin 1
a: Renounce Religion


You were in an ossuary.
You worshipped Ashenzari.
Ashenzari was noncommittal.
You visited 2 branches of the dungeon, and saw 5 of its levels.
You also visited: Ossuary.

You collected 135 gold pieces.
You spent 72 gold pieces at shops.

Inventory:

Armour
 a - a +0 robe (worn)
Scrolls
 c - a scroll of vulnerability
 f - 4 scrolls of teleportation
 h - a scroll of enchant armour
 i - a scroll of fear
Potions
 b - a potion of magic
 g - 2 potions of brilliance
 k - a potion of ambrosia {unknown}
 l - 2 potions of mutation {unknown}
 m - a potion of heal wounds {unknown}
 n - a potion of might {unknown}


   Skills:
 - Level 1.5 Dodging
 - Level 1.0 Stealth
 + Level 5.9 Unarmed Combat
 - Level 1.2 Spellcasting
 - Level 0.6 Transmutations
 - Level 2.6 Earth Magic


You had 5 spell levels left.
You knew the following spells:

 Your Spells              Type           Power      Damage    Failure   Level
a - Sandblast             Erth           12%        2d6       11%         1

Your spell library contained the following spells:

 Spells                   Type           Power      Damage    Failure   Level
 Passwall                 Tmut/Erth      2%         N/A       26%         2
 Freeze                   Ice            0%         1d3       34%         1
 Ensorcelled Hibernation  Hex/Ice        0%         N/A       45%         2
 Stone Arrow              Conj/Erth      6%         3d7       52%         3
 Spider Form              Tmut/Pois      1%         N/A       65%         3
 Frozen Ramparts          Ice            0%         1d2       71%         3
 Petrify                  Tmut/Erth      3%         N/A       86%         4
 Anguish                  Hex/Necr       0%         N/A       98%         4
 Hailstorm                Conj/Ice       0%         3d3       98%         4


Dungeon Overview and Level Annotations

Branches:
Dungeon (4/15)             Temple (1/1) D:4         Ossuary (1/1)

Altars:
Ashenzari
Cheibriados
Dithmenos
Elyvilon
Fedhas
Makhleb
Nemelex Xobeh
Qazlal
Ru
Sif Muna
Uskayaw
Vehumet
Xom
The Shining One

Shops:
D:3 ?


Innate Abilities, Weirdness & Mutations

You are too large for most types of armour.
You have claws for hands.
Your natural rate of healing is unusually fast.
You are covered in fur. (AC +1)
You have tough skin. (AC +1)


Message History

The kobold zombie closely misses you.
You scratch the kobold zombie.
The kobold zombie is severely damaged.
You scratch the kobold zombie.
You destroy the kobold zombie! 2 mummies and a hobgoblin zombie come into view.
You claw the mummy!
The mummy is moderately damaged.
You closely miss the mummy.
The mummy is moderately damaged.
The mummy barely misses you. The mummy hits you!!
Okay, then.
You scratch the mummy. Your claw misses the mummy.
The mummy is lightly damaged.
The air fills with toxic fumes!
As you read the scroll labelled UCZELO OPREUGI, it crumbles to dust.
It was a scroll of poison.
You claw the mummy!
The mummy is heavily damaged.
The mummy barely misses you. x2
Unknown command.
You scratch the mummy.
The mummy is severely damaged.
The kobold zombie hits you. The mummy hits you!
You claw the mummy!
You destroy the mummy!
The mummy hits you.
The kobold zombie hits you but does no damage.
Unknown command.
As you read the scroll of teleportation, it crumbles to dust.
You feel strangely unstable. The mummy hits you!
* * * LOW HITPOINT WARNING * * *
It was a potion of haste.
You feel yourself speed up. The kobold zombie barely misses you.
It was a potion of degeneration.
There was something very wrong with that liquid.
You feel weakened.
You feel dopey.
You feel clumsy. The hobgoblin zombie barely misses you.
The kobold zombie barely misses you. The mummy hits you!
You die...

....##....##...
...§§§§☼§☼§§§§.
...§☼§.☼§§§§§.
..§§.§§§§§§☼
#.§§§§§☼§#
#§M.§§§# #MZ§§#
#ZM.§# #@Z§☼#
#§Z§§# #§§§§#
#§§§§# #§§§§#
#☼§§§# #§§§☼#
######


You could see 3 mummies, 2 hobgoblin zombies and 2 kobold zombies.

Vanquished Creatures
  A black bear (D:3)
  A scorpion (D:4)
  A mummy (Ossuary)
  An adder (D:3)
  4 worms (D:2)
  2 dart slugs (D:2)
  An orc (D:3)
  3 endoplasms
  5 giant cockroaches
  7 goblins
  6 hobgoblins
  6 jackals
  10 kobolds
  A quokka (D:3)
  11 ball pythons
  4 bats
  A frilled lizard (D:1)
  A hobgoblin zombie (Ossuary)
  A kobold zombie (Ossuary)
  An orc zombie (Ossuary)
  9 rats
77 creatures vanquished.

Vanquished Creatures (others)
  A plant (D:1)
1 creature vanquished.

Grand Total: 78 creatures vanquished

Notes
Turn   | Place    | Note
-------+----------+-------------------------------------------
     0 | D:1      | Malachi the Troll Earth Elementalist began the quest for
                  | the Orb.
     0 | D:1      | Reached XP level 1. HP: 16/16 MP: 1/1
    88 | D:1      | Reached skill level 1 in Unarmed Combat
   104 | D:1      | Reached XP level 2. HP: 24/24 MP: 2/2
   160 | D:1      | Reached skill level 2 in Unarmed Combat
   702 | D:1      | Found a faded altar of an unknown god.
   797 | D:1      | Reached XP level 3. HP: 31/31 MP: 3/3
   937 | D:2      | Reached skill level 3 in Unarmed Combat
  1167 | D:2      | Found a burning altar of Makhleb.
  1512 | D:3      | Found Cepel's Magic Scroll Boutique.
  1515 | D:3      | Bought a scroll of identify for 24 gold pieces
  1515 | D:3      | Bought a scroll of identify for 24 gold pieces
  1515 | D:3      | Bought a scroll of identify for 24 gold pieces
  1569 | D:3      | Reached XP level 4. HP: 31/38 MP: 4/4
  1673 | D:3      | Noticed a black bear
  1698 | D:3      | Killed a black bear
  1699 | D:3      | Reached skill level 5 in Unarmed Combat
  1699 | D:3      | Reached XP level 5. HP: 11/45 MP: 5/5
  2487 | D:4      | Found a staircase to the Ecumenical Temple.
  2520 | D:4      | Found a snail-covered altar of Cheibriados.
  2527 | Temple   | Entered the Ecumenical Temple
  2573 | Temple   | Became a worshipper of Ashenzari the Shackled
  2617 | D:4      | Found a sand-covered staircase.
  2670 | Ossuary  | Entered an ossuary
  2702 | Ossuary  | Mangled by a mummy

Illustrated notes

Levels and vault maps discovered:
D:1:      tarquinn_simple_flora_water_b, layout_basic,
          shapermc_ecumenical_altar_mp_urbaneastern, minmay_misc_feat_enclosed
D:2:      layout_loops_ring, basic_altar
D:3:      layout_basic, serial_shops, shop
D:4:      dreamdust_elfheim, layout_rooms, overflow_temple_1_default,
          minmay_temple_entry_overgrown, serial_curves, eino_curves_02,
          eino_curves_04, eino_curves_03, eino_curves_01, enter_ossuary_3
Temple:   cyrus_circular_temple
Ossuary:  ossuary_tomb_3

Skill      XL: |  1  2  3  4 |
---------------+-------------+-----
Unarmed Combat | 1 2 3 5 |  5.9
Dodging        | |  1.5
Stealth        | |  1.0
Spellcasting   | |  1.2
Transmutations | |  0.6
Earth Magic    | |  2.6

Action                   |  1- 3 |  4- 6 || total
-------------------------+-------+-------++-------
Melee: Unarmed           |   160 |    83 ||   243
       Punch             |       |     2 ||     2
  Use: Scroll            |     5 |     3 ||     8
       Potion            |       |     2 ||     2
 Stab: Sleeping          |     3 |       ||     3
Armor: Robe              |    36 |    28 ||    64
Dodge: Dodged            |    56 |    51 ||   107

Table legend: (Time is in decaauts)
 A = Elapsed time spent in this place.
 B = Non-inter-level travel time spent in this place.
 C = Inter-level travel time spent in this place.
 D = Time resting spent in this place.
 E = Time spent auto-exploring this place.
 F = Levels seen in this place.
 G = Mean time per level.
                   A        B        C        D        E       F      G
               +--------+--------+--------+--------+--------+-----+--------+
         Total |   2686 |   2612 |     74 |    460 |   1627 |   6 |  447.7 |
       Dungeon |   2597 |   2533 |     64 |    460 |   1591 |   4 |  649.2 |
        Temple |     57 |     47 |     10 |      0 |     35 |   1 |   57.0 |
       Ossuary |     30 |     30 |      0 |      0 |      1 |   1 |   30.0 |
               +--------+--------+--------+--------+--------+-----+--------+

Top non-repeatable levels by time:
     D:3: 926 daAuts
     D:1: 858 daAuts
     D:2: 646 daAuts
     D:4: 165 daAuts
  Temple: 57 daAuts
 Ossuary: 30 daAuts
